← All builds
Pond / Armada / Economy first / OBSERVED BUILD

Sharpshooter buy

Armada Pond build order · Supreme Isthmus

Pond pays Tech heavily so Tech builds and hands over Sharpshooter bots from 5:17, feeding them to the front before its own tech.

#team support · 475 distinct matches · 125 players · 26% of Armada Pond games · team won 52% of 515 · Recently observed

THE CATCH, AND WHAT COMES WITH IT
  • SharpshooterSniper bot from Tech arrives 5:17 · 22% of role by thenTech makes it and hands it over.
  • HerculesLight transport from an ally in 48%17% of all Pond games by then

Paid for by sending allies about 670 metal and 17,000 energy by 5:00; standard pond sends 0 metal and 9,000 energy.

Where those units first fight, in 507 games with kill data: in the middle 92%, on their own side 8%.

Those units destroy a typical 3,395 metal of enemy units by 15:00.

Then transitions into tick (34% of army), blitz (12% of army), pawn (12% of army).

HOW TO PLAY IT

Key timing: Sharpshooter delivered by 5:13

  1. Open tidals and wind as normal, then send metal and energy to Tech early.
  2. Get a light transport from an ally to ferry the bought units.
  3. Have Tech's lab hand over Sharpshooter bots bought with your payments.
  4. Land Sharpshooter bots at the middle to fight well ahead of the usual first kill time.
  5. Fall back into normal Tick and Blitz play and keep boosting front.

Phase by phase

TYPICAL OF ITS 475 GAMES · AGAINST STANDARD POND
  1. 1
  2. 2
PLAY THE OPENING

Follow the example game's first 6:17 step by step: what to build now, what comes next, and where it goes. At 1× it keeps pace with your own game.

  1. 1

    Up to the Bot Lab

    Economy
    • Metal Extractor4Mex
    • Wind Turbine14Wind
    • Tidal Generator8Tidalfor allies
    • Tidal Generator2Tidal
    • Energy Storage1Energy storage
    Order
    1. Bot LabBot Lab after 4 mex, 15 wind, 2 tidaldone ~6:12, middle half 3:29–7:27

    Some games also: converter (36%) · eat Bot Lab (41%)

    The standard build makes here, this one skips: 2 converter · 2 con bot

    By 5:40 in all: 4 mex · 14 wind · 2 tidal · 1 energy storage

    The example game in this phase · 4 steps
    1. Tidal ×9for Suicide front
    2. Tidal
    3. Mex ×4
    4. Bot LabBot Labdone 2:52 · typical 6:12
  2. 2

    Bot Lab to 10:00

    Economy
    • Wind Turbine11Wind−15 vs standard
    Builders
    • Construction Turret1 Con turret
    • Construction Bot2 Con bot +2 vs standard
    Army
    • Tick8 Tick +8 vs standard

    Some games also: converter (48%) · Lazarus (37%)

    The standard build makes here, this one skips: 6 converter

    By 10:00 in all: 4 mex · 30 wind · 2 tidal · 4 converter (standard 9) · 2 energy storage · 2 con turret

    The example game in this phase · 165 steps
    1. LazarusLazarus
    2. Wind ×2
    3. LazarusLazarus
    4. Construction BotCon bot
    5. LazarusLazarus ×2
    6. Construction BotCon bot
    7. Wind ×3
    8. LazarusLazarus
    9. Bot LabEat Bot Labreclaimed for its metal
    10. Wind
    11. Converter ×2
    12. Wind ×4
    13. Con turret
    14. Wind ×4
    15. Converter
    16. Con turret
    17. Converter
    18. Wind ×3
    19. Energy storage
    20. Wind ×3
    21. Converter
    22. Wind ×3
    23. Converter ×9
    24. Bot LabBot Labdone 7:48
    25. TickTick ×6
    26. Con turret
    27. TickTick
    28. Wind
    29. TickTick
    30. Wind
    31. Advanced Metal ExtractorT2 mexdone 9:28 · typical 10:15
    32. TickTick
    33. Wind ×2
    34. TickTick
    35. Converter
    36. Wind
    37. TickTick ×2
    38. Wind
    39. TickTick
    40. Converter
    41. Wind
    42. TickTick
    43. Wind ×2
    44. TickTick ×2
    45. Wind
    46. Converter
    47. TickTick
    48. Wind
    49. Advanced Metal ExtractorT2 mex
    50. TickTick
    51. Converter
    52. Wind
    53. TickTick
    54. Wind
    55. Converter ×2
    56. TickTick
    57. Advanced Metal ExtractorT2 mex
    58. Converter
    59. TickTick
    60. Converter
    61. TickTick ×2
    62. Converter
    63. TickTick
    64. Converter
    65. TickTick ×2
    66. Converter
    67. TickTick ×3
    68. Converter
    69. TickTick ×3
    70. Advanced Metal ExtractorT2 mex
    71. TickTick ×2
    72. Con turret
    73. TickTick ×11
    74. Con turret
    75. Construction BotCon bot
    76. TickTick ×3
    77. Con turret
    78. Wind
    79. Construction BotCon bot
    80. Wind ×3
    81. Con turret
    82. TickTick ×2
    83. Converter
    84. TickTick
    85. Con turret
    86. TickTick
    87. Converter
    88. TickTick ×2
    89. Wind
    90. Con turret
    91. TickTick
    92. Wind ×2
    93. TickTick
    94. Wind ×2
    95. TickTick
    96. Wind
    97. CitadelAnti-nukedone 13:57
    98. TickTick
    99. Wind ×3
    100. TickTick
    101. Wind ×2
    102. TickTick
    103. Wind
    104. TickTick
    105. Wind ×2
    106. TickTick
    107. Wind ×2
    108. TickTick
    109. Wind
    110. TickTick
    111. Converter
    112. TickTick
    113. Converter
    114. Wind
    115. TickTick
    116. Wind
    117. TickTick
    118. Wind ×2
    119. TickTick
    120. Wind ×3
    121. TickTick
    122. Wind ×2
    123. TickTick
    124. Wind ×3
    125. TickTick
    126. Wind
    127. TickTick
    128. Wind ×3
    129. TickTick
    130. Converter
    131. TickTick
    132. Wind ×2
    133. TickTick
    134. Wind ×2
    135. TickTick
    136. Wind ×2
    137. TickTick
    138. Wind ×2
    139. TickTick
    140. Wind ×4
    141. TickTick
    142. Wind ×3
    143. TickTick
    144. Wind
    145. TickTick
    146. Wind ×3
    147. Construction BotCon bot
    148. Wind ×9
    149. Construction BotCon bot
    150. Wind
    151. Fusion ReactorFusionnot finished by 15:00
    152. Converter
    153. Wind
    154. Construction BotCon bot
    155. Converter
    156. Wind ×2
    157. Construction BotCon bot
    158. Wind ×3
    159. TickTick
    160. Wind ×6
    161. TickTick
    162. Sneaky PeteSneaky Pete
    163. TickTick
    164. Wind ×3
    165. TickTick

Counts are medians over the build's games: half of them build more, half fewer. The example game is _[BOBO]_'s (33 OS, 18/09/2026); pick another.

Team trades

IN AT LEAST 30% OF ITS GAMES

You hand over

  • Tidal Generator8 Tidal to Suicide front or Frontfirst at 0:10 · in 92% of games

You get

  • Hercules1 Light transport from Air or Techfirst at 4:58 · in 48% of games
  • Sharpshooter2 Sniper bot from Techfirst at 5:17 · in 100% of games
  • Advanced Construction Bot1 T2 con bot from Techfirst at 8:34 · in 95% of games

How it plays out

Typical game of this build against the role’s standard build, running totals by minute

  • This build
  • Standard pond

Metal produced

010k20k30k
0:005:0010:0015:00

metal

Enemy metal destroyed

02k4k6k
0:005:0010:0015:00

metal

Own metal lost

02k4k
0:005:0010:0015:00

metal

Metal sent to allies

01k2k
0:005:0010:0015:00

metal

Energy sent to allies

025k50k75k
0:005:0010:0015:00

metal

515 games.

Show as table
ByMetal produced: This buildMetal produced: Standard pondEnemy metal destroyed: This buildEnemy metal destroyed: Standard pondOwn metal lost: This buildOwn metal lost: Standard pondMetal sent to allies: This buildMetal sent to allies: Standard pondEnergy sent to allies: This buildEnergy sent to allies: Standard pond
1:0011511500000013101282
2:0026626800000029182781
3:0077879900000048774436
4:0014651473000095070596138
5:002181218500006721167158989
6:0029032995000010552322895412657
7:0036883910430210012464373654415669
8:004545494810901708611713104634180919216
9:0053746223190337940531613774684700821289
10:0063717705273361177155213964905151823110
11:00757496453260842118085514195185341626170
12:00930512052375711691578128914365245790927931
13:001138414538426215531967187614666266068530525
14:001370217427461821342415253514926656602231558
15:001604120188511625993019324915787086900232681
WHAT THE NUMBERS SAY

Won more often than the standard build and destroyed far more enemy metal by 15:00 despite producing less economy.

  • + Destroyed 5421 enemy metal by 15:00 vs 2962 standard.
  • + Won more often than the standard build (54% vs 46%).
  • − Metal production trails standard by 15:00 (16535 vs 20971).
  • − Own losses run higher at 10:00 (850 vs 440) from the early fights.
THE EXAMPLE YOU ARE READING

_[BOBO]_

32.6 OS · 18/09/2026

Open source match ↗

4 received units · includes a constructor
180 metal received · 11966 energy received

Allied construction assistance is unknown. Timings are observations, not a promise of solo reproducibility.

Typical milestones

Bot Lab6:12Middle 50%: 3:29–7:27 · n=454
Advanced Metal Extractor10:15Middle 50%: 9:23–11:00 · n=466

Played most by

Hunfore52games of this buildzeus_on_god21games of this buildRogShotz20games of this buildViltrum20games of this buildhihimik18games of this build